Description

This build order is a cheese. It works against every kind of opening.

Notes :

  • 14 pylone
  • 14 gas
  • 14 gate
  • 14 gas
  • Chronoboost the economy then resume the probe production until 2x3 on gas and 13 on mineral.
  • Double Stargate
  • enjoy :)

VOD

https://youtu.be/OhMAGRnVFJM

Replay - bloodybender v zuka - Ever Dream LE

Build Order

Get SALT Encoding   

  12  0:00  Probe  
  13  0:12  Probe  
  14  0:17  Pylon  
  14  0:24  Assimilator  
  14  0:37  Gateway  
  14  0:43  Assimilator  
  14  0:46  Probe (Chrono Boost)  
  15  0:55  Probe (Chrono Boost)  
  16  1:00  Probe (Chrono Boost)  
  17  1:12  Probe  
  18  1:24  Probe, Cybernetics Core  
  19  1:36  Probe  
  19  1:38  Pylon  
  20  2:01  Stargate x2  
  20  2:10  Shield Battery  
  20  2:36  Void Ray x2 (Chrono Boost)  
  28  2:51  Pylon  
  28  3:07  Void Ray (Chrono Boost)  
  32  3:39  Shield Battery  
Spawning Tool Build Advisor. Get it on Overwolf

Go to:

Details

  • Created by: zuka      
  • Published on: Aug 27, 2020
  • Modified on: Aug 27, 2020
  • Patch: 4.11.0
  • Difficulty: Easy
Show
View Real Time Build Order
Export as new Build Order

Comments (0)

There are no comments. Be the first!

Create an account to comment!